 Dungeon Sprint DCSS version 0.30.1-11-g7821555f0a (webtiles) character file.

Game seed: 11312335721201326928

263475 Heoruswealwe the Minotaur Porcupine (level 17, -4/191 HPs)
             Began as a Minotaur Fighter on Nov 22, 2023.
             Was an Initiate of Gozag.
             Killed from afar by a yellow draconian annihilator (53 damage)
             ... with an iron shot
             ... in the Dungeon (Sprint IX: "|||||||||||||||||||||||||||||") on Nov 23, 2023.
             The game lasted 01:25:19 (10165 turns).

Heoruswealwe the Minotaur Porcupine (MiFi)         Turns: 10165, Time: 01:25:19

Health: -4/191     AC: 52    Str: 38    XL:     17   Next: 57%
Magic:  16/16      EV: 15    Int:  7    God:    Gozag
Gold:   272        SH:  5    Dex:  9    Spells: 16/16 levels left

rFire   . . .        b - +4 bardiche (venom)
rCold   . . .        (shield currently unavailable)
rNeg    + + .        c - +8 orange crystal plate armour {Archmagi, Int+3 Clar}
rPois   .            g - +2 hat {Int+3}
rElec   +            h - +2 cloak {Stlth+}
rCorr   .            f - +3 pair of gauntlets of War {Slay+5}
SInv    .            e - +0 pair of boots {Fly}
Will    ++...        i - amulet of Miluceo {Reflect +Inv rElec Str+5 Int-4 SH+5} Stlth
                     k - +6 ring of strength
HPRegen 0.51/turn    j - ring of Yendor {rN++ Will+ Dex-3 Slay+4 Stlth+}
MPRegen 0.15/turn

%: no teleportation, reflection, clarity, archmagi
@: lethally poisoned (-4 -> -6), flying
A: horns 2, retaliatory headbutt
}: 5/17 runes: decaying, serpentine, barnacled, silver, gossamer
a: Renounce Religion, Evoke Invisibility, Potion Petition, Call Merchant, Bribe
Branch


You were in the Dungeon.
You worshipped Gozag.
Gozag was aware of your devotion.
You visited 1 branch You collected 35263 gold pieces.
You spent 17675 gold pieces at shops.
You paid 17316 gold pieces to Gozag.

Inventory:

Hand Weapons
 a - a +9 demon trident of venom
 b - a +4 bardiche of venom (weapon)
 l - the +7 mace of Variability {chaos, chaos arc}
   (You bought it in a shop in the Dungeon)
 m - the +7 captain's cutlass {speed, disarm}
   (You bought it in a shop in the Dungeon)
 o - the +3 greatsling "Punk" {acid, rCorr}
   (You found it in the Dungeon)

   rCorr:     It protects you from acid and corrosion.
 p - the +11 plutonium sword {Contam Stlth-}
   (You found it in the Dungeon)

   Contam:    It causes magical contamination when unequipped.
   Stlth:     It makes you less stealthy.
Armour
 c - the +8 orange crystal plate armour (worn) {Archmagi, Int+3 Clar}
   (You bought it in a shop in the Dungeon)

   Int:       It affects your intelligence (+3).
   Clar:      It protects you from confusion, rage, mesmerisation and fear.
 d - a +8 tower shield of fire resistance
 e - a +0 pair of boots of flying (worn)
 f - the +3 pair of gauntlets of War (worn) {Slay+5}
   (You found it in the Dungeon)

   Slay:      It affects your accuracy & damage with ranged weapons and melee
   (+5).
 g - a +2 hat of intelligence (worn)
 h - a +2 cloak of stealth (worn)
 n - the +3 robe of Clouds {*Thunder rCloud rElec}
   (You found it in the Dungeon)

   *Thunder:  It occasionally creates storm clouds above nearby enemies.
   rCloud:    It grants its wearer immunity to clouds.
   rElec:     It insulates you from electricity.
Jewellery
 i - the amulet of Miluceo (around neck) {Reflect +Inv rElec Str+5 Int-4 SH+5}
   (You found it in the Dungeon)

   [amulet of reflection]

   It reflects blocked missile attacks.
   Str:       It affects your strength (+5).
   Int:       It affects your intelligence (-4).
   rElec:     It insulates you from electricity.
   +Inv:      It lets you turn invisible.
   SH:        It affects your SH (+5).
 j - the ring of Yendor (right hand) {rN++ Will+ Dex-3 Slay+4 Stlth+}
   (You found it in the Dungeon)

   [ring of willpower]

   Dex:       It affects your dexterity (-3).
   Slay:      It affects your accuracy & damage with ranged weapons and melee
   (+4).
   rN:        It greatly protects you from negative energy.
   Will:      It increases your willpower.
   Stlth:     It makes you more stealthy.
 k - a +6 ring of strength (left hand)
 v - a ring of protection from fire
 y - a ring of protection from fire
 D - a ring of poison resistance
 E - a ring of protection from cold
 N - the ring "Sutu Pylo" {Contam Fly rPois rC+ rN+}
   (You found it in the Dungeon)

   [ring of protection from cold]

   rC:        It protects you from cold.
   rPois:     It protects you from poison.
   rN:        It protects you from negative energy.
   Fly:       It grants you flight.
   Contam:    It causes magical contamination when unequipped.
 O - the ring of Vuushock {rElec Will++ Str+3}
   (You found it in the Dungeon)

   [ring of strength]

   Str:       It affects your strength (+3).
   rElec:     It insulates you from electricity.
   Will:      It greatly increases your willpower.
 P - a +6 ring of strength
Wands
 t - a wand of quicksilver (10)
 B - a wand of flame (8)
Scrolls
 z - 11 scrolls of identify
 L - a scroll of silence
 Q - 2 scrolls of blinking
Potions
 q - 4 potions of mutation
 u - 2 potions of ambrosia
 x - 5 potions of curing
 A - 9 potions of heal wounds
 G - a potion of cancellation
 H - 8 potions of haste
 I - 9 potions of berserk rage
 S - a potion of resistance
Miscellaneous
 r - a condenser vane
 s - a box of beasts
 w - a lightning rod (4/4)
 C - a piece from Xom's chessboard (15/15)
 J - a phial of floods


   Skills:
 O Level 27 Fighting
 + Level 18.8(27) Axes
 + Level 18.8(21.8) Maces & Flails
 O Level 27 Polearms
 O Level 27 Armour
 + Level 24.1 Dodging
 + Level 26.2 Shields
 + Level 20.7 Evocations


You had 16 spell levels left.
You didn't know any spells.
Your spell library was empty.

Dungeon Overview and Level Annotations

Branches:
Dungeon (1/1)

Altars:
Cheibriados
Dithmenos
Elyvilon
Fedhas
Gozag
Hepliaklqana
Kikubaaqudgha
Makhleb
Nemelex Xobeh
Okawaru
Qazlal
Ru
Sif Muna
Trog
Uskayaw
Vehumet
Wu Jian
Xom
Yredelemnul
Zin
The Shining One
Jiyva
Lugonu

Shops:
D [**(*(??(*(*[?[


Innate Abilities, Weirdness & Mutations

You have a pair of horns on your head.
You reflexively headbutt those who attack you in melee.


Message History

The yellow draconian annihilator blinks!
The moth of wrath is distracted by your dazzling golden aura.
The moth of wrath's fur bristles in rage as it notices you.
You slice the golden dragon!!
You kill the golden dragon!
The yellow draconian annihilator points at you and mumbles some strange words.
The poison arrow hits you!
You are poisoned.
You closely miss the moth of wrath.
You feel very sick.
The moth of wrath bites you but does no damage.
The yellow draconian annihilator gestures at you while chanting.
The crystal spear misses you.
The crystal spear hits the moth of wrath!!!
The moth of wrath dies!
You feel very sick.
Things that are here:
360 gold pieces; a +0 mace You feel very sick.
The moth of wrath is no longer distracted by gold.
The yellow draconian annihilator spits acid at you.
You block glob of acid... and reflect it back!
The glob of acid hits the yellow draconian annihilator.
You open the moth of wrath like a pillowcase!!!!
You kill the moth of wrath!
You feel sick.
You feel very sick.
You see here 36 gold pieces.
You feel sick.
You feel sick.
The yellow draconian annihilator spits acid at you.
The glob of acid hits you but does no damage.
You feel sick.
The yellow draconian annihilator points at you and mumbles some strange words.
The iron shot misses you.
You feel sick.
The yellow draconian annihilator points at you and mumbles some strange words.
The iron shot hits you!!!
You die...
Your body crumbles into a pile of gold.

,*,*,*,*,*,*,*,*,▓.▓.▓.▓)▓.♣.♣.▓.
,*,*,*,*,*,*,*,*,▓.▓.▓.▓?▓.♣.♣.▓.
+*,*,*,*,*,*,*,*,▓.▓.▓.▓.▓.♣.♣.▓.
,*,*,*,*,*,*,*,*,▓.▓.▓.▓[▓.♣.♣.▓.
+*,*,*,*,*,*,*,▓+▓.▓.▓.▓.▓.♣.♣.▓.
,*,*,*,*+*,*,*,▓.▓.▓.▓.▓[▓.♣.♣)▓.
,*,*,*,*,*,*,*,▓.▓.▓.▓.▓)▓.♣.♣)▓.
,*,*,*,*,*,*,*,▓.▓.▓.▓.▓)▓.♣.♣)▓.
,*,*+*,*,*,*,*,▓@▓.▓.▓.▓)▓.♣.♣)▓.
,*,*,*,*,*,*,*,▓q▓.▓.▓.▓)▓.♣.♣)▓.
,*,*,*,*,*,*,*,▓$▓.▓.▓.▓)▓.♣.♣.▓.
,*,*,*,*,*,*,*,▓$▓.▓[▓.▓'▓.♣.♣.▓[
,*,*,*,*,*,*+*,▓$▓.▓[▓.▓.▓.♣'♣.▓.
,*,*,*,*,*,*,*,▓$▓.▓[▓.▓.▓.▓.▓.▓[
,*,*,*,*,*,*+*,▓.▓.▓[▓[▓.▓.▓.▓.▓[
,*,*,*,*,*,*,*,▓.▓.▓[▓.▓.▓.▓.▓.▓.
,*,*,*,*,*,*+*,▓.▓.▓.▓.▓.▓.▓.▓)▓[


You could see a yellow draconian annihilator (catching breath).

Vanquished Creatures
  Mara (D)
  Boris (D)
  Margery (D)
  A caustic shrike (D)
  Jory (D)
  Nikola (D)
  6 golden dragons (D)
  Rupert (D)
  2 tentacled monstrosities (D)
  2 liches (D)
  2 titans (D)
  Frances (D)
  Agnes (D)
  3 storm dragons (D)
  Kirke (D)
  A tengu reaver (D)
  4 nagarajas (D)
  8 shadow dragons (D)
  5 emperor scorpions (D)
  Ilsuiw (D)
  A frost giant (D)
  A fire giant (D)
  A draconian knight (D)
  3 ghost moths (D)
  Aizul (D)
  3 vault wardens (D)
  A draconian stormcaller (D)
  A quicksilver ooze (shapeshifter) (D)
  4 very ugly things (D)
  3 ironbound preservers (D)
  5 stone giants (D)
  3 white draconians (D)
  An eleionoma (D)
  A black draconian (D)
  2 purple draconians (D)
  2 yellow draconians (D)
  A bunyip (D)
  Azrael (D)
  2 spark wasps (D)
  A red draconian (D)
  Snorg (D)
  5 ettins (D)
  4 merfolk javelineers (D)
  3 yaktaur captains (D)
  3 merfolk impalers (D)
  A shambling mangrove (D)
  A fire dragon (D)
  Josephine (D)
  2 great orbs of eyes (D)
  2 entropy weavers (D)
  26 vault guards (D)
  A deep elf high priest (D)
  8 hydras (D)
  4 ogre magi (D)
  A catoblepas (D)
  A ghost crab (D)
  A spriggan air mage (D)
  5 ice dragons (D)
  2 ironbound frosthearts (D)
  5 merfolk aquamancers (D)
  2 centaur warriors (D)
  An alligator (D)
  2 tengu warriors (D)
  3 death yaks (D)
  7 naga warriors (D)
  A naga sharpshooter (D)
  A deep troll earth mage (D)
  5 hell knights (D)
  2 sea snakes (D)
  A spriggan (D)
  A pharaoh ant (D)
  2 glowing orange brains (D)
  4 deep trolls (D)
  A flayed ghost (D)
  7 swamp dragons (D)
  5 ironbound convokers (D)
  4 wizards (D)
  6 orc knights (D)
  A phantasmal warrior (D)
  2 lindwurms (D)
  An orb spider (D)
  2 necromancers (D)
  3 harpies (D)
  3 ugly things (D)
  2 manticores (D)
  2 wolf spiders (D)
  2 deep elf pyromancers (D)
  4 moths of wrath (D)
  A cyclops (D)
  An elephant (D)
  A guardian serpent (D)
  2 demonic crawlers (D)
  4 naga magi (D)
  A vault sentinel (D)
  3 cane toads (D)
  A yaktaur (shapeshifter) (D)
  A yaktaur (D)
  3 komodo dragons (D)
  A rime drake (D)
  An efreet (D)
  A meliai (shapeshifter) (D)
  A merfolk (D)
  4 trolls (D)
  2 polar bears (D)
  A hornet (D)
  A wind drake (D)
  A tarantella (D)
  A slime creature (D)
  5 yaks (D)
  A wyvern (D)
  A water elemental (D)
  4 wraiths (D)
  4 humans (D)
  A culicivora (D)
  2 fire elementals (D)
  2 redbacks (D)
  2 acid dragons (D)
  5 nagas (D)
  2 hell hounds (D)
  5 water moccasins (D)
  10 orc warriors (D)
  An ogre (D)
  2 centaurs (D)
  4 bullfrogs (D)
  3 orc priests (D)
  8 orc wizards (D)
  An adder (D)
  A dart slug (D)
  5 orcs (D)
  2 ball pythons (D)
  A bat (D)
  2 rats (D)
342 creatures vanquished.

Vanquished Creatures (others)
  A bunyip (D)
  A spriggan druid (D)
  A moth of wrath (D)
3 creatures vanquished.

Grand Total: 345 creatures vanquished

Notes
Turn   | Place    | Note
-------+----------+-------------------------------------------
     0 | D        | Heoruswealwe the Minotaur Fighter began the quest for the
                  | Orb.
     0 | D        | Reached XP level 1. HP: 19/19 MP: 0/0
    16 | D        | Noticed a water moccasin
    16 | D        | Noticed a centaur
    16 | D        | Noticed an ogre
    23 | D        | Reached XP level 2. HP: 28/28 MP: 1/1
    29 | D        | Killed an ogre
    30 | D        | Reached XP level 3. HP: 11/38 MP: 2/2
    30 | D        | Reached XP level 4. HP: 14/45 MP: 3/3
    33 | D        | Killed a centaur
    34 | D        | Reached XP level 5. HP: 7/52 MP: 4/4
   207 | D        | Killed a water moccasin
   208 | D        | Reached XP level 6. HP: 51/62 MP: 5/5
   216 | D        | Found a snail-covered altar of Cheibriados.
   216 | D        | Found a shadowy altar of Dithmenos.
   216 | D        | Found a white marble altar of Elyvilon.
   216 | D        | Found a blossoming altar of Fedhas.
   216 | D        | Found an opulent altar of Gozag.
   217 | D        | Found a hazy altar of Hepliaklqana.
   218 | D        | Found a viscous altar of Jiyva.
   219 | D        | Found an ancient bone altar of Kikubaaqudgha.
   220 | D        | Found a corrupted altar of Lugonu.
   221 | D        | Found a burning altar of Makhleb.
   222 | D        | Found a sparkling altar of Nemelex Xobeh.
   223 | D        | Found an iron altar of Okawaru.
   224 | D        | Became a worshipper of Gozag Ym Sagoz the Greedy
   225 | D        | Found a stormy altar of Qazlal.
   226 | D        | Found a sacrificial altar of Ru.
   227 | D        | Found a shimmering blue altar of Sif Muna.
   228 | D        | Found a bloodstained altar of Trog.
   229 | D        | Found a hide-covered altar of Uskayaw.
   230 | D        | Found a radiant altar of Vehumet.
   231 | D        | Found an ornate altar of the Wu Jian Council.
   232 | D        | Found a shimmering altar of Xom.
   233 | D        | Found a basalt altar of Yredelemnul.
   234 | D        | Found a glowing silver altar of Zin.
   235 | D        | Found a glowing golden altar of the Shining One.
   302 | D        | Noticed a yak
   302 | D        | Noticed a wyvern
   302 | D        | Noticed an orc warrior
   307 | D        | Killed an orc warrior
   331 | D        | Killed a wyvern
   332 | D        | Reached skill level 10 in Fighting
   332 | D        | Reached skill level 10 in Armour
   332 | D        | Reached XP level 7. HP: 41/72 MP: 6/6
   335 | D        | Killed a yak
   473 | D        | Noticed a cyclops
   473 | D        | Noticed a fire crab
   473 | D        | Noticed an efreet
   473 | D        | Noticed a wraith
   473 | D        | Noticed a deep elf pyromancer
   477 | D        | Killed a deep elf pyromancer
   478 | D        | Reached skill level 15 in Polearms
   478 | D        | Reached XP level 8. HP: 82/82 MP: 7/7
   491 | D        | a fire crab changed into a yaktaur
   491 | D        | Noticed a yaktaur (shapeshifter)
   492 | D        | Killed an efreet
   498 | D        | Killed a yaktaur
   503 | D        | Killed a cyclops
   504 | D        | Reached XP level 9. HP: 28/92 MP: 8/8
   797 | D        | Noticed a komodo dragon
   797 | D        | Noticed a komodo dragon
   803 | D        | Killed a komodo dragon
   810 | D        | Noticed a polar bear
   820 | D        | Killed a komodo dragon
   832 | D        | Killed a polar bear
  1073 | D        | Noticed a cane toad
  1073 | D        | Noticed a polar bear
  1073 | D        | Noticed an elephant
  1073 | D        | Noticed a cane toad
  1075 | D        | Noticed a cane toad
  1076 | D        | Killed a cane toad
  1078 | D        | Noticed a komodo dragon
  1081 | D        | Reached XP level 10. HP: 104/104 MP: 9/9
  1084 | D        | Killed an elephant
  1093 | D        | Killed a cane toad
  1105 | D        | Killed a cane toad
  1106 | D        | Reached skill level 15 in Fighting
  1106 | D        | Reached skill level 15 in Armour
  1129 | D        | Noticed a death yak
  1129 | D        | Noticed a catoblepas
  1134 | D        | Noticed a death yak
  1134 | D        | Noticed a death yak
  1156 | D        | Killed a catoblepas
  1164 | D        | Killed a death yak
  1170 | D        | Killed a death yak
  1177 | D        | Killed a death yak
  1178 | D        | Reached XP level 11. HP: 48/115 MP: 10/10
  1439 | D        | Noticed Josephine
  1452 | D        | Killed Josephine
  1632 | D        | Noticed an orc knight
  1647 | D        | Killed an orc knight
  1817 | D        | Noticed an orc knight
  1817 | D        | Noticed an orc knight
  1848 | D        | Killed an orc knight
  1858 | D        | Killed an orc knight
  2142 | D        | Found Mos Cila's Armour Boutique.
  2142 | D        | Noticed an ogre mage
  2142 | D        | Noticed a deep troll
  2142 | D        | Noticed an ettin
  2142 | D        | Noticed an ogre mage
  2142 | D        | Noticed an ettin
  2146 | D        | Noticed a deep troll
  2146 | D        | Killed an ettin
  2148 | D        | Noticed a deep troll
  2150 | D        | Killed an ogre mage
  2156 | D        | Killed an ettin
  2160 | D        | Killed a deep troll
  2170 | D        | Paralysed by something for 4 turns
  2184 | D        | Killed an ogre mage
  2191 | D        | Killed a deep troll
  2192 | D        | Reached XP level 12. HP: 63/128 MP: 11/11
  2207 | D        | Found Fygun's Assorted Antiques.
  2216 | D        | Found Jasumaum's Magic Scroll Boutique.
  2220 | D        | Found Myrec's Armour Shop.
  2223 | D        | Noticed an ogre mage
  2244 | D        | Killed an ogre mage
  2313 | D        | Bought a green potion for 27 gold pieces
  2313 | D        | Bought a glowing glaive for 294 gold pieces
  2313 | D        | Bought a scroll labelled JEUTWE NEPHOU for 31 gold pieces
  2313 | D        | Bought a potion of curing for 93 gold pieces
  2313 | D        | Bought a scroll of identify for 62 gold pieces
  2317 | D        | Bought a scroll of magic mapping for 82 gold pieces
  2317 | D        | Bought a scroll of identify for 22 gold pieces
  2317 | D        | Bought a scroll of identify for 22 gold pieces
  2317 | D        | Bought a scroll of enchant weapon for 82 gold pieces
  2317 | D        | Bought a scroll of identify for 22 gold pieces
  2317 | D        | Bought a scroll of identify for 22 gold pieces
  2332 | D        | Bought a +1 cloak for 161 gold pieces
  2373 | D        | Bought a scroll of identify for 72 gold pieces
  2373 | D        | Bought a potion of haste for 360 gold pieces
  2373 | D        | Bought 2 scrolls of identify for 144 gold pieces
  2373 | D        | Bought a scroll of enchant weapon for 270 gold pieces
  2373 | D        | Bought a scroll of identify for 72 gold pieces
  2373 | D        | Bought a pair of glowing boots for 270 gold pieces
  2373 | D        | Bought a piece from Xom's chessboard (15/15) for 720 gold
                  | pieces
  2373 | D        | Bought a condenser vane for 1440 gold pieces
  2407 | D        | Bought the +7 mace of Variability {chaos, chaos arc} for
                  | 1620 gold pieces
  2407 | D        | Found the +7 mace of Variability {chaos, chaos arc}
  2412 | D        | Bought a potion of ambrosia for 120 gold pieces
  2412 | D        | Bought a potion of curing for 45 gold pieces
  2412 | D        | Bought a +2 plate armour of fire resistance for 600 gold
                  | pieces
  2412 | D        | Bought a lightning rod (4/4) for 450 gold pieces
  2608 | D        | Found the +3 pair of gauntlets of War {Slay+5}
  2721 | D        | Noticed a centaur warrior
  2721 | D        | Noticed a centaur warrior
  2721 | D        | Noticed an ogre mage
  2726 | D        | Noticed a six-headed hydra
  2732 | D        | Killed an ogre mage
  2735 | D        | Killed a centaur warrior
  2738 | D        | Killed a centaur warrior
  2743 | D        | Killed a three-headed hydra
  2746 | D        | Noticed a stone giant
  2748 | D        | Noticed a stone giant
  2753 | D        | Noticed a tengu warrior
  2756 | D        | Noticed an ettin
  2763 | D        | Killed a stone giant
  2769 | D        | Killed a stone giant
  2770 | D        | Reached skill level 27 in Polearms
  2792 | D        | Killed a tengu warrior
  2793 | D        | Reached skill level 1 in Dodging
  2793 | D        | Reached skill level 1 in Evocations
  2795 | D        | Killed an ettin
  2812 | D        | Reached skill level 5 in Shields
  2997 | D        | Noticed Snorg
  3004 | D        | Killed Snorg
  3067 | D        | Noticed Agnes
  3077 | D        | Killed Agnes
  3078 | D        | Reached XP level 13. HP: 81/141 MP: 12/12
  3265 | D        | Reached skill level 5 in Dodging
  3553 | D        | Reached skill level 5 in Evocations
  3604 | D        | Noticed an eleionoma
  3604 | D        | Noticed a bunyip
  3611 | D        | Killed an eleionoma
  3614 | D        | Killed a bunyip
  3882 | D        | Reached skill level 10 in Shields
  3931 | D        | Noticed a merfolk javelineer
  3951 | D        | Killed a merfolk javelineer
  4055 | D        | Bought a scroll of acquirement for 624 gold pieces
  4055 | D        | Bought a scroll of identify for 24 gold pieces
  4055 | D        | Bought a scroll of identify for 24 gold pieces
  4058 | D        | Bought a scroll of immolation for 60 gold pieces
  4058 | D        | Bought a scroll of enchant armour for 112 gold pieces
  4058 | D        | Bought a scroll of identify for 30 gold pieces
  4058 | D        | Bought a scroll of identify for 30 gold pieces
  4058 | D        | Bought a scroll of identify for 30 gold pieces
  4058 | D        | Bought a scroll of vulnerability for 60 gold pieces
  4063 | D        | Acquired a +2 demon trident of venom
  4101 | D        | Noticed Kirke
  4109 | D        | Killed Kirke
  4173 | D        | Noticed Aizul
  4182 | D        | Killed Aizul
  4339 | D        | Noticed a stone giant
  4339 | D        | Noticed a spark wasp
  4340 | D        | Noticed a tentacled monstrosity
  4350 | D        | Noticed a green very ugly thing
  4351 | D        | Reached skill level 10 in Dodging
  4360 | D        | Killed a spark wasp
  4363 | D        | Killed a tentacled monstrosity
  4363 | D        | Noticed a fire giant
  4364 | D        | Reached XP level 14. HP: 99/155 MP: 13/13
  4376 | D        | Killed a stone giant
  4382 | D        | Killed a green very ugly thing
  4384 | D        | Noticed a stone giant
  4388 | D        | Killed a fire giant
  4408 | D        | Noticed a green very ugly thing
  4664 | D        | Killed a stone giant
  4673 | D        | Killed a green very ugly thing
  4678 | D        | Reached skill level 10 in Evocations
  4880 | D        | Noticed a red very ugly thing
  4880 | D        | Noticed an ironbound preserver
  4887 | D        | Killed an ironbound preserver
  4897 | D        | Killed a red very ugly thing
  4925 | D        | Noticed an ironbound preserver
  4942 | D        | Noticed a vault warden
  4950 | D        | Killed an ironbound preserver
  4954 | D        | Reached skill level 15 in Shields
  4959 | D        | Killed a vault warden
  5255 | D        | Bought a potion of cancellation for 80 gold pieces
  5255 | D        | Bought a wand of flame (8) for 56 gold pieces
  5255 | D        | Bought the +7 captain's cutlass {speed, disarm} for 540
                  | gold pieces
  5255 | D        | Found the +7 captain's cutlass {speed, disarm}
  5255 | D        | Bought a scroll of blinking for 75 gold pieces
  5259 | D        | Noticed Frances
  5273 | D        | Killed Frances
  5526 | D        | Found the +3 robe of Clouds {*Thunder rCloud rElec}
  5737 | D        | Noticed Margery
  5751 | D        | Killed Margery
  5763 | D        | Reached XP level 15. HP: 84/168 MP: 14/14
  5946 | D        | Noticed Jory
  5963 | D        | Killed Jory
  5964 | D        | Reached skill level 15 in Dodging
  6154 | D        | Noticed Azrael
  6161 | D        | Killed Azrael
  6305 | D        | Noticed an emperor scorpion
  6305 | D        | Noticed an emperor scorpion
  6305 | D        | Noticed an emperor scorpion
  6314 | D        | Killed an emperor scorpion
  6325 | D        | Killed an emperor scorpion
  6327 | D        | Noticed an emperor scorpion
  6333 | D        | Killed an emperor scorpion
  6333 | D        | Noticed an emperor scorpion
  6351 | D        | Killed an emperor scorpion
  6360 | D        | Killed an emperor scorpion
  6394 | D        | Got a gossamer rune of Zot
  6679 | D        | Bought a potion of heal wounds for 195 gold pieces
  6679 | D        | Bought a potion of berserk rage for 195 gold pieces
  6679 | D        | Bought a square beryl amulet for 195 gold pieces
  6710 | D        | Noticed a nagaraja
  6710 | D        | Noticed a nagaraja
  6711 | D        | Noticed a nagaraja
  6717 | D        | Killed a nagaraja
  6718 | D        | Noticed a nagaraja
  6732 | D        | Killed a nagaraja
  6737 | D        | Killed a nagaraja
  6747 | D        | Killed a nagaraja
  6775 | D        | Got a serpentine rune of Zot
  6825 | D        | Bought a phial of floods for 1560 gold pieces
  6825 | D        | Bought a scroll of enchant weapon for 292 gold pieces
  7106 | D        | Reached skill level 15 in Evocations
  7134 | D        | Got a decaying rune of Zot
  7332 | D        | Noticed Ilsuiw
  7361 | D        | Killed Ilsuiw
  7370 | D        | Reached skill level 27 in Fighting
  7370 | D        | Reached skill level 27 in Armour
  7375 | D        | Reached skill level 1 in Axes
  7375 | D        | Reached skill level 1 in Maces & Flails
  7405 | D        | Got a barnacled rune of Zot
  7462 | D        | Bought a dented bronze amulet for 115 gold pieces
  7462 | D        | Bought a golden potion for 20 gold pieces
  7462 | D        | Bought a scroll labelled JYREKHL ZUMO for 23 gold pieces
  7462 | D        | Bought a scroll of enchant armour for 172 gold pieces
  7518 | D        | Noticed Rupert
  7533 | D        | Killed Rupert
  7620 | D        | Reached XP level 16. HP: 183/183 MP: 15/15
  7632 | D        | Reached skill level 5 in Axes
  7632 | D        | Reached skill level 5 in Maces & Flails
  7940 | D        | Noticed a shadow dragon
  7947 | D        | Reached skill level 10 in Maces & Flails
  7949 | D        | Reached skill level 10 in Axes
  7959 | D        | Killed a shadow dragon
  7982 | D        | Noticed a shadow dragon
  7983 | D        | Noticed a shadow dragon
  8057 | D        | Killed a shadow dragon
  8062 | D        | Noticed a tengu reaver
  8065 | D        | Killed a shadow dragon
  8078 | D        | Killed a tengu reaver
  8376 | D        | Identified the +2 quarterstaff of Forgiveness {drain, MP+9
                  | Dex+3}
  8417 | D        | Found the +3 greatsling "Punk" {acid, rCorr}
  8417 | D        | Noticed a shadow dragon
  8417 | D        | Noticed a titan
  8417 | D        | Noticed a lich
  8417 | D        | Noticed a golden dragon
  8417 | D        | Noticed a shadow dragon
  8417 | D        | Noticed a titan
  8418 | D        | Noticed a shadow dragon
  8420 | D        | Killed a titan
  8421 | D        | Noticed a shadow dragon
  8423 | D        | Killed a golden dragon
  8428 | D        | Killed a shadow dragon
  8434 | D        | Killed a lich
  8439 | D        | Killed a titan
  8445 | D        | Killed a shadow dragon
  8455 | D        | Killed a shadow dragon
  8459 | D        | Killed a shadow dragon
  8471 | D        | Got a silver rune of Zot
  8762 | D        | Bought a glowing hat for 280 gold pieces
  8800 | D        | Noticed Boris
  8810 | D        | Killed Boris
  8872 | D        | Got the amulet of Joy {RegenMP rC+}
  8874 | D        | Got the amulet of Miluceo {Reflect +Inv rElec Str+5 Int-4
                  | SH+5}
  8875 | D        | Found the +11 plutonium sword {Contam Stlth-}
  8876 | D        | Got the ring "Sutu Pylo" {Contam Fly rPois rC+ rN+}
  8878 | D        | Got the ring of Vuushock {rElec Will++ Str+3}
  8880 | D        | Got the ring of Yendor {rN++ Will+ Dex-3 Slay+4 Stlth+}
  9078 | D        | Noticed Mara
  9084 | D        | Noticed Heoruswealwe's illusion
  9085 | D        | Killed Mara
  9123 | D        | Noticed Nikola
  9142 | D        | Killed Nikola
  9143 | D        | Reached skill level 15 in Axes
  9143 | D        | Reached skill level 15 in Maces & Flails
  9143 | D        | Reached XP level 17. HP: 92/191 MP: 16/16
  9352 | D        | Noticed a caustic shrike
  9363 | D        | Killed a caustic shrike
  9367 | D        | Noticed a lich
  9380 | D        | Killed a lich
  9545 | D        | Noticed a golden dragon
  9545 | D        | Noticed a golden dragon
  9549 | D        | Killed a golden dragon
  9561 | D        | Killed a golden dragon
  9562 | D        | Noticed a golden dragon
  9592 | D        | Killed a golden dragon
  9866 | D        | Bought the +8 orange crystal plate armour {Archmagi, Int+3
                  | Clar} for 5780 gold pieces
  9866 | D        | Found the +8 orange crystal plate armour {Archmagi, Int+3
                  | Clar}
 10100 | D        | Noticed a tentacled monstrosity
 10113 | D        | Killed a tentacled monstrosity
 10135 | D        | Noticed a golden dragon
 10135 | D        | Noticed a golden dragon
 10142 | D        | Killed a golden dragon
 10156 | D        | Killed a golden dragon
 10165 | D        | Killed from afar by a yellow draconian annihilator

Illustrated notes

Levels and vault maps discovered:
D:        linesprint [early_d, line_temple, items_1, d_10, items_2, lair_1,
          lair_end, items_3, orc_1, orc_end, items_4, d_15, swamp_1, shoals_1,
          snake_1, spider_1, d_20, vaults_1, items_5, swamp_end, shoals_end,
          snake_end, spider_end, vaults_end, d_27, items_6, zot_1, zot_end,
          crypt_end, forest_end, elf_end, slime_end, tomb_end, abyss_end,
          pan_hell_end]

Skill      XL: |  1  2  3  4  5  6  7  8  9 10 11 12 13 14 15 16 17 |
---------------+----------------------------------------------------+-----
Polearms       | 4 7 9 11 13 15 17 19 21 24 27 | 27.0
Fighting       | 4 6 7 8 10 11 12 14 16 18 20 22 24 27 | 27.0
Armour         | 4 6 7 8 10 11 12 14 16 18 20 22 24 27 | 27.0
Dodging        | 4 10 14 18 22 24 | 24.1
Shields        | 6 12 16 20 24 26 | 26.2
Evocations     | 3 8 12 15 18 20 | 20.7
Axes           | 4 15 18 | 18.8
Maces & Flails | 4 15 18 | 18.8

Action                     |  1- 3 |  4- 6 |  7- 9 | 10-12 | 13-15 | 16-18 || total
---------------------------+-------+-------+-------+-------+-------+-------++-------
  Melee: Trident           |    17 |    11 |       |       |       |       ||    28
         Headbutt          |     3 |    10 |    18 |    75 |   158 |   100 ||   364
         Halberd           |       |    25 |    78 |   249 |       |       ||   352
         Glaive            |       |       |       |    82 |   109 |       ||   191
         Demon trident     |       |       |       |       |   490 |    92 ||   582
         Bardiche          |       |       |       |       |       |   241 ||   241
 Invoke: Call Merchant     |       |       |       |     4 |     7 |     1 ||    12
    Use: Potion            |     1 |       |     2 |     8 |     4 |     1 ||    16
         Scroll            |       |       |       |     4 |    18 |     7 ||    29
   Stab: Petrified         |       |       |       |     1 |       |       ||     1
         Distracted        |       |       |       |       |     6 |     3 ||     9
 Armour: Scale mail        |     5 |     4 |       |       |       |       ||     9
         Chain mail        |       |    12 |       |       |       |       ||    12
         Plate armour      |       |       |    20 |   140 |   139 |       ||   299
         Storm dragon scal |       |       |       |       |    85 |    79 ||   164
         Crystal plate arm |       |       |       |       |       |    20 ||    20
  Dodge: Dodged            |     7 |    13 |    10 |    69 |   131 |    96 ||   326
  Block: Buckler           |     3 |     2 |       |       |    37 |       ||    42
         Tower shield      |       |       |       |       |   220 |    41 ||   261
         Reflection        |       |       |       |       |     4 |     1 ||     5
         Other             |       |       |       |       |       |    26 ||    26
